 Dungeon Crawl Stone Soup version 0.20.1-1-g8b1a95d66d (webtiles) character file.

1079 Gargoyl the Skirmisher (level 8, -4/67 HPs)
             Began as a Centaur Abyssal Knight on Dec 10, 2017.
             Was a Priest of Lugonu.
             Slain by an orc warrior
             ... wielding a +0 dire flail
              (21 damage)
             ... on level 5 of the Dungeon.
             The game lasted 00:11:12 (4921 turns).

Gargoyl the Skirmisher (Centaur Abyssal Knight)     Turns: 4921, Time: 00:11:12

Health: -4/67      AC: 10    Str: 15    XL:     8   Next: 8%
Magic:  11/11      EV:  9    Int: 11    God:    Lugonu [***...]
Gold:   284        SH:  0    Dex: 16    Spells: 7/7 levels left

rFire    . . .     SeeInvis .   a - +1 hand axe
rCold    . . .     Gourm    .   (no shield)
rNeg     . . .     Faith    .   n - +0 chain mail
rPois    .         Spirit   .   e - +0 helmet
rElec    .         Reflect  .   i - +0 cloak (curse)
rCorr    .         Harm     .   (no gloves)
MR       .....                  (no barding)
Stlth    ..........             d - amulet of regeneration
Regen    0.7/turn               (no ring)
MPRegen  0.2/turn               (no ring)

@: agile, flying, heavily drained, very quick
A: hooves 3, deformed body, speed 2, tough skin 3
a: Depart the Abyss, Bend Space, Banish, Renounce Religion


You were on level 5 of the Dungeon.
You worshipped Lugonu.
Lugonu was most pleased with you.
You were not hungry.

You visited 1 branch of the dungeon, and saw 6 of its levels.
You visited the Abyss 1 time.

You collected 284 gold pieces.

Inventory:

Hand Weapons
 a - a +1 hand axe (weapon)
Missiles
 h - 9 tomahawks (quivered)
Armour
 e - a +0 helmet (worn)
 i - a cursed +0 cloak (worn)
 l - the +3 cloak of the Depths {MR+, unknown}
   (You found it on level 5 of the Dungeon)

   It affects your resistance to hostile enchantments.
 n - a +0 chain mail (worn)
Jewellery
 d - an amulet of regeneration (around neck)
 r - a +2 ring of strength {unknown}
Wands
 u - a wand of flame (29/48)
 v - a wand of confusion (20/48)
 y - a wand of acid (5/15)
Scrolls
 f - 2 scrolls of identify
 j - 4 scrolls of remove curse
 p - 3 scrolls of recharging
 q - 3 scrolls of teleportation
 s - 2 scrolls of fog {unknown}
 z - a scroll of acquirement {unknown}
Potions
 b - a potion of cancellation
 o - a potion of curing
Comestibles
 c - 6 bread rations
 g - 5 fruits
 k - 3 royal jellies
 m - 6 meat rations


   Skills:
 + Level 4.9(3.6) Fighting
 + Level 4.1(2.9) Axes
 + Level 0.4(0.0) Throwing
 * Level 4.6(3.4) Armour
 + Level 1.6(0.4) Dodging
 * Level 4.6(3.3) Invocations


You had 7 spell levels left.
You didn't know any spells.

Dungeon Overview and Level Annotations

Branches:
Dungeon (6/15)             Temple (0/1) D:4

Altars:
Makhleb
Qazlal
Trog

Shops:
D:6 **

Annotations:
D:3 Turtleman12345's ghost, amateur HuBe


Innate Abilities, Weirdness & Mutations

You have hooves in place of feet.
Armour fits poorly on your strangely shaped body.
You cover ground very quickly.
You have extremely tough skin. (AC +3)


Message History

You feel very buoyant.
You fly up into the air.
The orc warrior hits you with a dire flail!
You completely miss the orc warrior.
The orc warrior is lightly wounded.
The orc warrior hits you with a dire flail!!
* * * LOW HITPOINT WARNING * * *
You hit the orc warrior. Your kick misses the orc warrior.
The orc warrior is moderately wounded.
The orc warrior barely misses you.
You slash the orc warrior! Your kick misses the orc warrior.
The orc warrior is heavily wounded.
The orc warrior closely misses you.
Press: ? - help, Shift-Dir - straight line, f - orc warrior
Aim: an orc warrior, wielding a dire flail and wearing a chain mail (heavily wounded, chance to defeat MR: 82%)
You fail to use your ability.
The orc warrior hits you with a dire flail.
* * * LOW HITPOINT WARNING * * *
The orc warrior hits you with a dire flail!!
You die...

### #.#.# #.#####
#.... #.....# #.#.#
#.###.# #.#.#
#.##..###.#.#
#.##....#.#.#
######.##.####.#.#
#>o...............
#@####.#.......#.# #.#
#.#.......#.# #.#
#.#.#...#.#.#
#.####.#.......#.#
#......#.......#.#
############.#.#.#.#.#
#..................#..
###.######.#..........
#.# #.#####...###


You could see an orc warrior.

Vanquished Creatures
  Menkaure (D:5)
  A sky beast (D:5)
  An ogre (D:5)
  2 centaurs
  2 wights (D:6)
  A crimson imp (D:6)
  A quasit (D:5)
  A hound (D:6)
  A bullfrog skeleton (D:6)
  An orc priest (D:6)
  2 orc wizards (D:5)
  An iguana (D:5)
  4 worker ants
  A hound zombie (D:5)
  4 gnolls
  6 adders
  An ooze (D:1)
  An adder zombie (D:5)
  An adder skeleton (D:4)
  A dart slug (D:4)
  A leopard gecko (D:3)
  12 orcs
  7 bats
  7 giant cockroaches
  10 goblins
  6 hobgoblins
  5 jackals
  2 quokkas
  2 frilled lizards (D:1)
  A giant cockroach zombie (D:6)
  A jackal skeleton (D:4)
  7 kobolds
  A quokka zombie (D:5)
  5 rats
101 creatures vanquished.

Notes
Turn   | Place    | Note
-------+----------+-------------------------------------------
     0 | Abyss:1  | Gargoyl the Centaur Abyssal Knight began the quest for the Orb.
     0 | Abyss:1  | Reached XP level 1. HP: 19/19 MP: 2/2
    39 | Abyss:1  | Noticed a raiju
    40 | D:1      | Escaped the Abyss
    83 | D:1      | Reached XP level 2. HP: 19/26 MP: 3/3
   359 | D:1      | Reached * piety under Lugonu
   674 | D:1      | Reached XP level 3. HP: 31/31 MP: 4/4
  1274 | D:2      | Reached XP level 4. HP: 37/39 MP: 5/5
  1559 | D:2      | Reached ** piety under Lugonu
  1715 | D:3      | Reached skill level 1 in Dodging
  1804 | D:3      | Noticed Turtleman12345's ghost (amateur HuBe)
  1856 | D:4      | Reached XP level 5. HP: 45/46 MP: 5/7
  1875 | D:4      | Found a staircase to the Ecumenical Temple.
  2491 | D:4      | Found a bloodstained altar of Trog.
  2970 | D:5      | Entered Level 5 of the Dungeon
  2996 | D:5      | Reached XP level 6. HP: 50/52 MP: 8/8
  3079 | D:5      | Got a spiked cloak
  3129 | D:5      | Found a stormy altar of Qazlal.
  3241 | D:5      | Noticed a sky beast
  3259 | D:5      | Killed a sky beast
  3578 | D:5      | Reached XP level 7. HP: 55/60 MP: 9/9
  3605 | D:5      | Noticed Menkaure
  3614 | D:5      | Killed Menkaure
  3883 | D:5      | Noticed a fire elemental
  3886 | D:5      | Noticed an air elemental
  3886 | D:5      | Noticed a water elemental
  3946 | D:5      | Reached *** piety under Lugonu
  4184 | D:6      | Found a burning altar of Makhleb.
  4429 | D:6      | Found Ische's Assorted Antiques.
  4537 | D:6      | Found Numeiff's Assorted Antiques.
  4634 | D:6      | Reached XP level 8. HP: 64/67 MP: 11/11
  4921 | D:5      | Slain by an orc warrior

Skill      XL: |  1  2  3  4  5  6  7 |
---------------+----------------------+-----
Axes           | 2 3 4 |  4.1
Armour         | 2 3 4 |  4.6
Dodging        | 1 |  1.6
Invocations    | 3 4 |  4.6
Fighting       | 4 |  4.9
Throwing       | |  0.4

Action                   |  1- 3 |  4- 6 |  7- 9 || total
-------------------------+-------+-------+-------++-------
Melee: Hand axe          |    71 |   198 |   122 ||   391
       Kick              |    14 |    43 |    24 ||    81
Throw: Tomahawk          |       |     4 |       ||     4
Invok: Depart the Abyss  |     1 |       |       ||     1
  Use: Scroll            |     8 |       |       ||     8
       Potion            |       |       |     3 ||     3
  Eat: Chunk             |       |     6 |     4 ||    10
Armor: Ring mail         |    46 |    16 |       ||    62
       Leather armour    |     5 |       |       ||     5
       Chain mail        |       |   212 |   110 ||   322
Dodge: Dodged            |    47 |    78 |    30 ||   155
